AoeStats
← Your Doom

Arena

507866694Analyzed
4v4 RM · 12d ago on Sep 20, 2026· 43m 53s· 8 players
Game mode
Random Map
Map size
Large (8 player)
Population
200
Speed
Normal
Resources
Standard
Victory
Conquest
Starting age
Dark Age
Ending age
Imperial Age
RankedLock teamsTeams togetherTeam positionsShared explorationLock speedFull tech treeHidden civsTurbo modeCheats
Victory
Defeat
🇺🇾 Turks · Uruguay
1059
+10
🇺🇾 Franks · Uruguay
1046
+10
🇺🇾 Wei · Uruguay
1020
+11
🇺🇾 Goths · Uruguay
890
+17
🇵🇰 Celts · Pakistan
938
-13
🇦🇷 Italians · Argentina
910
-12
🇨🇦 Portuguese · Canada
905
-12
🇵🇹 Portuguese · Portugal
884
-11
Your Doom
8:09 Loom
13:30 Feudal Age
16:39 Wheelbarrow
18:38 Castle Age
16:31 Horse Collar
17:41 Double-Bit Axe
18:32 Stone Mining
18:36 Gold Mining
21:02 Hand Cart
20:56 Heavy Plow
21:12 Fervor
22:16 Bow Saw
24:08 Treadmill Crane
25:36 Murder Holes
30:42 Imperial Age
29:10 Masonry
29:23 Ballistics
29:44 Fletching
31:30 Stone Shaft Mining
32:22 Chemistry
31:54 Architecture
31:26 Town Watch
33:35 Two-Man Saw
34:08 Bodkin Arrow
34:25 Forging
34:16 Scale Mail Armor
35:13 Pikeman
40:52 Bracer
41:28 Iron Casting
41:09 Chain Mail Armor
40:49 Halberdier
43:02 Siege Engineers
Torch112
5:15 Loom
11:53 Feudal Age
16:41 Castle Age
14:41 Horse Collar
15:25 Double-Bit Axe
15:57 Loom
16:09 Gold Mining
16:41 Fletching
20:09 Crossbowman
23:55 Town Watch
24:45 Wheelbarrow
26:37 Bodkin Arrow
29:04 Padded Archer Armor
29:06 Scale Mail Armor
36:01 Pikeman
GUISO DE LENTEJAS
11:19 Feudal Age
15:25 Castle Age
14:27 Double-Bit Axe
14:26 Horse Collar
20:01 Loom
20:41 Heavy Plow
23:05 Wheelbarrow
24:05 Bow Saw
24:29 Hand Cart
25:36 Gold Mining
26:17 Fletching
26:28 Padded Archer Armor
26:49 Bodkin Arrow
27:49 Ballistics
27:55 Bloodlines
28:16 Leather Archer Armor
28:37 Scale Barding Armor
30:26 Chain Barding Armor
31:46 Stone Mining
32:11 Light Cavalry
Jewish Conspirator
12:07 Feudal Age
13:43 Wheelbarrow
12:59 Double-Bit Axe
13:26 Gold Mining
18:21 Castle Age
16:29 Stone Mining
17:42 Man-at-Arms
18:18 Horse Collar
19:45 Forging
24:13 Heavy Plow
29:05 Hand Cart
29:26 Hand Cart
Lord Haliax
10:34 Feudal Age
10:58 Loom
15:53 Castle Age
14:17 Loom
14:27 Double-Bit Axe
14:54 Gold Mining
20:25 Bow Saw
23:05 Wheelbarrow
22:38 Husbandry
23:55 Scale Barding Armor
24:03 Forging
24:21 Town Watch
26:05 Gold Shaft Mining
28:34 Chain Barding Armor
28:50 Iron Casting
33:25 Imperial Age
33:34 Cavalier
35:25 Plate Barding Armor
35:51 Blast Furnace
35:10 Hand Cart
34:48 Stone Mining
35:54 Paladin
ESTEBAN
9:08 Loom
12:13 Feudal Age
13:34 Double-Bit Axe
14:50 Horse Collar
20:37 Castle Age
19:18 Wheelbarrow
18:39 Stone Mining
23:21 Gold Mining
26:57 Imperial Age
24:49 Scale Mail Armor
27:30 Chain Mail Armor
28:43 Forging
30:13 Iron Casting
33:47 Blast Furnace
33:09 Anarchy
35:56 Squires
38:44 Stone Shaft Mining
Ramza
12:15 Feudal Age
13:33 Double-Bit Axe
16:55 Castle Age
15:01 Horse Collar
16:02 Gold Mining
22:14 Imperial Age
22:15 Padded Archer Armor
25:09 Leather Archer Armor
34:12 Loom
35:03 Wheelbarrow
Nachowski16
13:21 Feudal Age
14:39 Wheelbarrow
17:15 Castle Age
15:46 Horse Collar
16:22 Double-Bit Axe
16:50 Gold Mining
18:25 Husbandry
19:23 Bloodlines
19:43 Heavy Plow
22:43 Hand Cart
23:40 Fervor
24:30 Bow Saw
24:11 Town Watch
25:33 Stone Mining
26:35 Sanctity
30:14 Imperial Age
28:03 Masonry
27:37 Treadmill Crane
29:11 Scale Barding Armor
29:18 Forging
29:14 Town Patrol
29:04 Loom
30:16 Heavy Hei Guang Cavalry
31:46 Gold Shaft Mining
31:38 Chain Barding Armor
31:55 Iron Casting
32:01 Crop Rotation
38:36 Blast Furnace
37:40 Devotion
38:55 Conscription
39:21 Ballistics
42:02 Tuntian
42:31 Ming Guang Armor
42:15 Light Cavalry
44:29 Hoardings
Connection lost

Rejoining the realm…

Still unreachable

The connection could not be restored.

Session expired

The server has moved on; the page needs a fresh start.